 Dungeon Crawl Stone Soup version 0.31-a0-240-gb923e448b6 (webtiles) character file.

Game seed: 13865094849680224823

97 qw the Shooter (level 4, 0/26 HPs)
             Began as a Gargoyle Hexslinger on July 11, 2023.
             Slain by a gnoll sergeant
             ... wielding a +0 spear
              (5 damage)
             ... on level 3 of the Dungeon.
             The game lasted 00:00:45 (1890 turns).

qw the Shooter (Gargoyle Hexslinger)                Turns: 1890, Time: 00:00:46

Health: 0/26       AC:  8    Str: 11    XL:     4   Next: 68%
Magic:  5/5        EV: 10    Int: 14    God:
Gold:   112        SH:  0    Dex: 14    Spells: 4/5 levels left

rFire   . . .        Y - +4 sling
rCold   . . .        (no shield)
rNeg    + . .        d - +0 ring mail
rPois   inf          (no helmet)
rElec   +            (no cloak)
rCorr   .            (no gloves)
SInv    .            (no boots)
Will    .....        (no amulet)
Stlth   +            (no ring)
HPRegen 0.24/turn    (no ring)
MPRegen 0.09/turn

%: no passive effects
@: no status effects
A: sickness immunity, AC +3, negative energy resistance 1, electricity
resistance, torment resistance 1, petrification resistance
a: no special abilities


You were on level 3 of the Dungeon.
You visited 1 branch of the dungeon, and saw 3 of its levels.

You collected 112 gold pieces.


Innate Abilities, Weirdness & Mutations

You are immune to sickness and miasma.
Your stone body is resilient. (AC +3)
You are immune to poison.
You resist negative energy. (rN+)
You are resistant to electric shocks. (rElec)
You are resistant to unholy torment.
You are immune to petrification.


   Skills:
 - Level 2.2 Fighting
 + Level 4.1 Ranged Weapons
 - Level 1.0 Armour
 - Level 1.5 Dodging
 - Level 1.0 Spellcasting
 - Level 2.6 Hexes


You had 4 spell levels left.
You knew the following spells:

 Your Spells              Type           Power      Damage    Failure   Level
a - Slow                  Hex            32%        N/A       21%         1

Your spell library contained the following spells:

 Spells                   Type           Power      Damage    Failure   Level
 Inner Flame              Hex/Fire       4%         N/A       71%         3
 Portal Projectile        Hex/Tloc       8%         N/A       71%         3
 Cause Fear               Hex            4%         N/A       90%         4

Inventory:

Hand Weapons
 Y - a +4 sling (weapon)
Armour
 d - a +0 ring mail (worn)
Scrolls
 e - a scroll of identify
Potions
 a - a potion of invisibility {unknown}
 b - a potion of haste {unknown}
 c - a potion of magic {unknown}
 f - 2 potions of might

Dungeon Overview and Level Annotations

Branches:
Dungeon (3/15)

Altars:
Cheibriados
Elyvilon


Message History

The orc hits you but does no damage. The gnoll sergeant barely misses you.
A dart slug comes into view.
You shoot a sling bullet.
The sling bullet hits the orc but does no damage.
The orc is almost dead.
The orc barely misses you.
The gnoll sergeant hits you but does no damage. x2
The orc barely misses you.
You shoot a sling bullet. The sling bullet hits the orc!
You kill the orc!
The bat closely misses you. The gnoll sergeant closely misses you.
1884 ||| Stepping ~*~*~tactically~*~*~ (outnumbered).
The bat misses you.
You shoot a sling bullet.
The sling bullet closely misses the bat.
The bat barely misses you.
The gnoll sergeant hits you from afar with a +0 spear.
The bat hits you but does no damage.
You shoot a sling bullet. The sling bullet hits the bat.
You kill the bat!
The gnoll sergeant hits you but does no damage.
The gnoll sergeant hits you from afar with a +0 spear.
You shoot a sling bullet.
The sling bullet hits the gnoll sergeant.
The gnoll sergeant is lightly wounded.
The gnoll sergeant hits you but does no damage.
You shoot a sling bullet.
The sling bullet hits the gnoll sergeant!
The gnoll sergeant is moderately wounded.
The gnoll sergeant hits you from afar with a +0 spear!
You shoot a sling bullet.
The sling bullet hits the gnoll sergeant.
The gnoll sergeant is moderately wounded.
The gnoll sergeant closely misses you.
The gnoll sergeant hits you from afar with a +0 spear!
You shoot a sling bullet.
The sling bullet hits the gnoll sergeant but does no damage.
The gnoll sergeant is moderately wounded.
The gnoll sergeant hits you from afar with a +0 spear.
You die...

### ### ##### #..
..#####...# ## #####.#
#.#...#.8.+ .. ......#
#.#.###...# w#
#####.###(#.###.@.#(#
..............'.8.g#
######..#....)#...#g.#
#..#....##...# ..#
#..#.#.###.8.+ ..#
#....#.# #...# .+
...#..#. ##### #
..(.##. ## ....#.##


You could see a gnoll sergeant and a goblin.

Vanquished Creatures
  4 adders (D:2)
  2 orcs (D:3)
  4 endoplasms
  3 giant cockroaches
  3 goblins
  4 hobgoblins
  8 jackals
  5 kobolds
  4 quokkas
  5 ball pythons
  7 bats
  3 frilled lizards
  2 rats
54 creatures vanquished.

Notes
Turn   | Place    | Note
-------+----------+-------------------------------------------
     0 | D:1      | qw the Gargoyle Hexslinger began the quest for the Orb.
     0 | D:1      | Reached XP level 1. HP: 12/12 MP: 2/2
     0 | D:1      | 0 ||| qw: Version: 0.3-a-52-g30416fa
     0 | D:1      | 0 ||| qw: Game counter: 5998
     0 | D:1      | 0 ||| qw: Melee chars always use a shield: true
     0 | D:1      | 0 ||| qw: God list: Okawaru
     0 | D:1      | 0 ||| qw: Allow faded altars: false
     0 | D:1      | 0 ||| qw: Do Orc after clearing Dungeon:15 true
     0 | D:1      | 0 ||| qw: Do second Lair branch before Depths: true
     0 | D:1      | 0 ||| qw: Lair rune preference: random
     0 | D:1      | 0 ||| qw: Goals: Normal
     0 | D:1      | 0 ||| PLANNING D:1-11
   183 | D:1      | Reached XP level 2. HP: 15/16 MP: 3/3
   259 | D:1      | Reached skill level 3 in Ranged Weapons
   796 | D:1      | 796 ||| UPGRADING to +0 ring mail.
   806 | D:1      | 806 ||| DROPPING +0 robe.
   807 | D:1      | 807 ||| READING 2 scrolls labelled ICIROU KUVOEJA.
   808 | D:1      | 808 ||| READING scroll labelled LIMIWI XAIDAL.
   809 | D:1      | 809 ||| READING 2 scrolls labelled VUOGIAL TENG.
   810 | D:1      | 810 ||| READING 3 scrolls labelled HIACLY OVUMOK.
   811 | D:1      | 811 ||| READING 2 scrolls of enchant weapon.
   811 | D:1      | 811 ||| ENCHANTING +2 sling.
   812 | D:1      | 812 ||| READING scroll of enchant weapon.
   812 | D:1      | 812 ||| ENCHANTING +3 sling.
   813 | D:1      | 813 ||| READING scroll labelled MIOG UBAAKK.
   814 | D:1      | 814 ||| READING scroll labelled OSUFET DAAT.
   815 | D:1      | 815 ||| DROPPING scroll of blinking.
   816 | D:1      | 816 ||| DROPPING scroll of poison.
   817 | D:1      | 817 ||| DROPPING scroll of fog.
   836 | D:2      | Reached XP level 3. HP: 21/21 MP: 4/4
   988 | D:2      | Found a faded altar of an unknown god.
  1021 | D:2      | 1021 ||| FLEEEEING.
  1022 | D:2      | 1022 ||| FLEEEEING.
  1023 | D:2      | 1023 ||| FLEEEEING.
  1024 | D:2      | 1024 ||| FLEEEEING.
  1025 | D:2      | 1025 ||| FLEEEEING.
  1026 | D:2      | 1026 ||| FLEEEEING.
  1064 | D:2      | Reached XP level 4. HP: 26/26 MP: 5/5
  1181 | D:2      | Reached skill level 4 in Ranged Weapons
  1746 | D:2      | 1746 ||| READING scroll labelled WUUQUL REAVO.
  1747 | D:2      | 1747 ||| DRINKING 3 red potions.
  1800 | D:3      | Found a snail-covered altar of Cheibriados.
  1804 | D:3      | Found a white marble altar of Elyvilon.
  1815 | D:3      | Reached skill level 1 in Armour
  1877 | D:3      | Noticed a gnoll sergeant
  1884 | D:3      | 1884 ||| Stepping ~*~*~tactically~*~*~ (outnumbered).
  1889 | D:3      | HP: 4/26 [gnoll sergeant/+0 spear (7)]
  1890 | D:3      | Slain by a gnoll sergeant

Levels and vault maps discovered:
D:1:      onia_arrival_pentagram, layout_basic, serial_park_tiny_1,
          chequers_serial_rivers_micro_c, minmay_tetromino_s4
D:2:      layout_basic, nicolae_ecumenical_lake_church
D:3:      minmay_chambers_of_threes, layout_loops_ring,
          grunt_temple_overflow_open, corexii_leaking_fountain,
          nicolae_twisty_statue_hallways, uniq_crazy_yiuf_cottage, uniq_terence

Skill      XL: |  1  2  3  4 |
---------------+-------------+-----
Ranged Weapons | 3 4 |  4.1
Fighting       | 2 |  2.2
Armour         | 1 |  1.0
Dodging        | |  1.5
Spellcasting   | |  1.0
Hexes          | |  2.6

Action                     |  1- 3 |  4- 6 || total
---------------------------+-------+-------++-------
   Fire: Sling             |    93 |    85 ||   178
    Use: Scroll            |     8 |     1 ||     9
         Potion            |       |     1 ||     1
 Armour: Robe              |    31 |       ||    31
         Ring mail         |     9 |    24 ||    33
  Dodge: Dodged            |    46 |    37 ||    83

Table legend:
 A = Non-vault XP
 B = Vault XP
 C = Vault XP percentage of total XP
 D = Non-vault monster count
 E = Vault monster count
 F = Vault count percentage of total count
                 A         B        C        D         E       F
            +---------+---------+-------+---------+---------+-------
      Total |     129 |      10 |   7.2 |      49 |       5 |   9.3
            +---------+---------+-------+---------+---------+-------
        D:1 |      24 |       4 |  14.3 |      14 |       2 |  12.5
        D:2 |      92 |       0 |   0.0 |      28 |       0 |   0.0
        D:3 |      13 |       6 |  31.6 |       7 |       3 |  30.0
            +---------+---------+-------+---------+---------+-------
